Map: Сумеречные башни

Players

heat - Winner!

  • Race: Zerg Zerg
  • League: Platinum

Warbux

  • Race: Terran Terran
  • League: Diamond

VOD

Have the link to the VOD?

Description

Time

  • Played on: Feb. 24, 2016, 7:17 p.m.
  • Length: 20:02
Show
View Real Time Build Order
Export as new Build Order

heat Zerg - Winner!

Build Orders: Hatch First, Muta Ling Bane 

Get SALT Encoding   

  12  0:01  Drone  
  13  0:09  Drone  
  14  0:17  Overlord  
  14  0:26  Extractor x2  
  14  0:27  Drone  
  13  0:30  Drone  
  16  0:38  Drone  
  17  0:56  Hatchery  
  16  0:59  Drone  
  16  1:01  Drone  
  18  1:15  Extractor  
  18  1:17  Spawning Pool  
  16  1:20  Drone  
  16  1:22  Drone  
  18  1:28  Drone  
  19  1:38  Overlord  
  19  2:04  Queen  
  19  2:05  Zergling x2  
  19  2:06  Zergling x2  
  19  2:08  Queen  
  25  2:09  Zergling x2  
  26  2:16  Overlord  
  26  2:20  Metabolic Boost  
  26  2:39  Drone x3  
  26  2:40  Drone  
  30  2:49  Drone x2  
  32  2:51  Drone  
  33  3:00  Drone  
  34  3:09  Drone x2  
  36  3:15  Extractor  
  36  3:16  Drone x2, Roach Warren  
  36  3:17  Drone x3  
  39  3:20  Overlord  
  39  3:30  Drone  
  39  3:31  Drone  
  39  3:33  Drone x2  
  43  3:41  Overlord x2  
  43  3:54  Lair  
  43  3:58  Drone, Extractor x2  
  43  3:59  Drone x2  
  45  4:02  Drone  
  45  4:03  Drone x2  
  45  4:04  Drone x2  
  49  4:16  Roach x3  
  55  4:24  Overlord  
  55  4:32  Drone  
  55  4:34  Baneling Nest  
  55  4:35  Roach x6  
  67  4:40  Overlord  
  67  4:55  Overseer  
  67  4:56  Drone  
  68  5:07  Drone  
  68  5:13  Drone x2  
  71  5:19  Overlord x2, Spire  
  71  5:20  Ravager x2  
  71  5:21  Ravager x3  
  74  5:26  Zergling x2  
  76  5:39  Centrifical Hooks  
  76  5:41  Overlord  
  76  5:43  Zergling x10  
  76  5:44  Zergling x8  
  85  5:51  Hatchery  
  85  5:55  Overlord  
  85  5:56  Overlord  
  84  6:00  Zergling x6  
  87  6:21  Baneling x2  
  87  6:22  Baneling x7  
  87  6:23  Baneling x2  
  87  6:24  Zergling x6  
  87  6:25  Zergling x4  
  92  6:34  Mutalisk  
  92  6:35  Mutalisk x3  
  100  6:40  Overseer  
  100  6:43  Overlord x2  
  100  6:52  Zergling x4  
  100  6:53  Zergling x4  
  104  7:01  Mutalisk x2  
  108  7:12  Mutalisk  
  109  7:31  Extractor  
  109  7:36  Mutalisk x3, Extractor  
  113  7:38  Overlord x2  
  113  7:39  Zergling x2  
  113  7:40  Zergling x18  
  123  7:48  Drone x3  
  123  7:50  Queen  
  128  8:00  Drone x2  
  128  8:01  Evolution Chamber, Drone  
  128  8:02  Evolution Chamber  
  128  8:03  Drone x2  
  130  8:13  Overlord x2  
  130  8:18  Drone  
  130  8:19  Drone x6  
  137  8:27  Overlord  
  137  8:29  Overlord  
  137  8:34  Drone, Overlord  
  137  8:39  Zerg Melee Weapons Level 1, Zerg Ground Armor Level 1  
  137  8:40  Zergling x2  
  139  8:54  Drone x4  
  139  8:55  Drone  
  144  8:57  Zergling x8  
  148  9:09  Baneling x10  
  148  9:12  Ravager x2  
  148  9:13  Ravager x2  
  148  9:14  Baneling  
  148  9:15  Baneling x20  
  148  9:16  Baneling x3  
  152  9:26  Zergling x10  
  152  9:27  Zergling x2  
  158  9:44  Glial Reconstitution  
  158  9:51  Hatchery  
  158  9:52  Mutalisk x2  
  157  9:53  Mutalisk x3  
  167  10:00  Extractor  
  167  10:05  Extractor  
  167  10:06  Burrow  
  165  10:09  Infestation Pit  
  165  10:12  Drone x2  
  165  10:13  Drone  
  167  10:14  Drone x3  
  167  10:15  Overlord x2  
  167  10:17  Roach x3  
  167  10:18  Roach  
  176  10:52  Hive  
  176  10:53  Zerg Ground Armor Level 2, Zerg Melee Weapons Level 2  
  176  10:59  Roach x7  
  176  11:00  Roach x2  
  176  11:01  Zergling x6  
  176  11:02  Zergling x2  
  198  11:16  Zergling x2  
  199  11:20  Overseer  
  199  11:22  Pneumatized Carapace  
  189  12:00  Roach x3  
  189  12:01  Roach x11  
  199  12:08  Ultralisk Cavern  
  198  12:11  Adrenal Glands  
  198  12:28  Zergling x2  
  199  12:31  Hatchery  
  192  12:57  Chitinous Plating  
  188  13:11  Pathogen Glands  
  188  13:28  Zerg Melee Weapons Level 3, Zerg Ground Armor Level 3  
  167  13:51  Ultralisk x2  
  167  13:52  Ultralisk x4  
  195  14:07  Ultralisk  
  183  14:31  Extractor  
  182  14:34  Ultralisk x2, Zergling x6  
  182  14:35  Zergling x2  
  198  14:39  Extractor  
  153  15:20  Zergling x2  
  150  15:21  Zergling x30  
  150  15:22  Zergling x28  
  149  15:33  Overseer  
  149  15:34  Overseer  
  149  15:35  Zergling x26  
  149  15:36  Zergling x30  
  149  15:38  Zergling x2  
  130  16:23  Baneling  
  130  16:24  Baneling x17  
  130  16:25  Baneling x14  
  128  16:29  Zergling x2  
  128  16:30  Ultralisk, Roach  
  128  16:31  Roach x12  
  142  16:52  Mutalisk  
  142  16:53  Mutalisk, Corruptor  
  142  16:54  Corruptor x7  
  119  17:25  Corruptor x2  
  119  17:26  Corruptor x5  
  119  17:29  Zerg Flyer Weapons Level 1  
  129  17:32  Roach x3  
  129  17:33  Roach x4  
  122  17:47  Roach x5  
  122  17:48  Roach x2  
  135  17:53  Zergling x10  
  135  17:55  Zergling x2  
  140  18:00  Baneling x4  
  138  18:20  Baneling x10  
  138  18:21  Baneling x2  
  138  18:22  Ravager x5  
  138  18:23  Ravager x3  
  138  18:24  Zergling x4  
  138  18:25  Zergling x26  
  154  18:45  Zergling x8  
  154  18:46  Zergling x10  
  154  18:47  Zergling x6  
  162  18:51  Drone  
  163  19:01  Drone x4  
  163  19:02  Drone x3  
  168  19:18  Baneling x8  
  168  19:19  Zergling x4, Baneling x15  
  168  19:20  Zergling x14  
  175  19:37  Roach  
  175  19:38  Roach x5  
  178  19:53  Hatchery  
Show
View Real Time Build Order
Export as new Build Order

Warbux Terran 

Build Orders: MMM Bio 

Get SALT Encoding   

  12  0:00  SCV  
  13  0:13  SCV  
  14  0:18  Supply Depot  
  14  0:25  SCV  
  15  0:40  SCV  
  15  0:41  Barracks  
  16  0:47  Refinery  
  16  0:52  SCV  
  17  1:04  SCV  
  18  1:16  SCV  
  19  1:29  Orbital Command  
  19  1:31  Reaper  
  20  1:34  Supply Depot  
  20  1:56  SCV  
  21  2:03  Marine  
  22  2:08  Command Center  
  22  2:15  Barracks  
  22  2:16  SCV  
  23  2:27  Factory  
  23  2:28  SCV  
  23  2:29  Barracks Reactor  
  24  2:40  SCV  
  24  2:43  Refinery  
  25  2:53  SCV  
  26  3:05  Barracks Tech Lab  
  26  3:06  SCV  
  26  3:07  Barracks  
  27  3:13  Barracks  
  27  3:18  Barracks Reactor  
  27  3:19  SCV  
  30  3:27  Hellion x2  
  30  3:29  Stimpack  
  30  3:31  Orbital Command  
  32  3:38  SCV  
  32  3:58  Barracks Reactor  
  32  3:59  Starport  
  32  4:00  Barracks Reactor  
  32  4:11  SCV x2  
  32  4:14  Refinery  
  32  4:15  Marine x3  
  37  4:19  Supply Depot x2  
  37  4:29  SCV  
  38  4:36  Marauder  
  40  4:41  SCV  
  40  4:42  SCV  
  42  4:45  Marine  
  42  4:46  Marine  
  42  4:48  Medivac x2  
  42  4:50  Factory Tech Lab  
  48  4:54  SCV  
  48  4:56  Marine  
  48  4:57  Marine, Marauder  
  53  5:06  Marine  
  54  5:09  Engineering Bay  
  54  5:11  Marine  
  54  5:12  SCV  
  54  5:13  SCV, Engineering Bay  
  57  5:19  Supply Depot x2  
  57  5:21  Supply Depot  
  57  5:26  Marine  
  57  5:27  Marauder, Medivac  
  62  5:40  SCV x2, Terran Infantry Armor Level 1, Medivac, Terran Infantry Weapons Level 1  
  66  5:48  Marine x3  
  69  5:50  Marine  
  69  5:52  SCV x2  
  69  5:53  Marine x2  
  69  5:55  Combat Shields  
  72  6:11  Siege Tank  
  72  6:14  Marine x2  
  77  6:19  Command Center  
  77  6:24  Marine x3  
  80  6:30  Supply Depot x2  
  80  6:34  Marine  
  80  6:35  Medivac  
  83  6:42  Marine x2  
  83  6:47  SCV  
  86  6:51  SCV  
  86  6:54  Marine x3  
  87  6:55  Supply Depot  
  87  6:59  Refinery  
  90  7:09  Marine x3  
  90  7:15  Missile Turret  
  93  7:17  Missile Turret  
  93  7:36  Starport  
  93  7:37  Fusion Core  
  93  7:39  Armory  
  93  7:51  Missile Turret x2  
  93  7:54  Missile Turret  
  93  7:55  Orbital Command  
  92  8:15  SCV x2  
  94  8:21  Marine x3  
  97  8:27  SCV  
  97  8:30  SCV x2, Starport Tech Lab  
  100  8:38  Terran Infantry Weapons Level 2  
  100  8:39  Terran Infantry Armor Level 2  
  100  8:40  SCV, Supply Depot  
  101  8:41  Liberator  
  101  8:42  SCV, Liberator x2  
  101  8:44  Supply Depot  
  101  8:45  Marine x3  
  105  8:50  Supply Depot  
  105  8:51  SCV  
  105  8:52  SCV, Supply Depot, Barracks  
  105  8:53  Supply Depot, Barracks  
  112  9:14  Marine  
  112  9:15  Marine  
  114  9:21  Marine x2  
  114  9:22  Marine x2  
  118  9:24  Liberator x3  
  118  9:28  SCV x2  
  118  9:29  SCV, Refinery  
  120  9:35  Siege Tank  
  120  9:38  Marine x3, Refinery  
  124  9:39  Marine  
  124  9:41  Barracks Reactor  
  124  9:42  Barracks Tech Lab  
  135  9:55  SCV, Supply Depot x3  
  136  10:05  Drilling Claws  
  136  10:06  Marine x3  
  139  10:07  Factory, Liberator x2  
  139  10:09  Liberator  
  144  10:48  Siege Tank  
  137  10:50  Marine, Liberator x2  
  137  10:51  Marauder, Factory Reactor  
  137  10:53  Liberator  
  140  11:07  Concussive Shells  
  149  11:19  Command Center  
  149  11:27  Ghost Academy  
  149  11:33  Liberator  
  149  11:39  Widow Mine x2  
  149  11:40  Widow Mine  
  149  11:43  Liberator  
  149  11:44  Liberator  
  151  12:04  Ghost  
  151  12:08  Widow Mine x3  
  153  12:10  Barracks  
  159  12:16  SCV x2  
  159  12:18  Command Center  
  161  12:33  Medivac  
  161  12:36  Widow Mine x2  
  163  12:43  Medivac x2  
  168  12:58  Ghost  
  168  13:00  Barracks Tech Lab  
  168  13:03  Barracks  
  168  13:06  Marine  
  169  13:15  Command Center  
  169  13:21  Ghost x2  
  169  13:26  Ghost  
  171  13:51  Marine  
  171  13:52  Marine x2  
  166  14:05  Marine x7, Marauder x2  
  166  14:26  Marauder x2  
  166  14:27  Barracks Tech Lab x2  
  170  14:33  Command Center  
  170  14:35  Command Center  
  170  14:37  Command Center  
  170  14:47  Marauder  
  170  14:48  Marauder  
  157  15:08  Ghost  
  157  15:09  Marauder  
  152  15:27  Ghost  
  152  15:28  Ghost  
  151  15:29  Ghost  
  147  15:37  Ghost  
  146  15:43  Orbital Command  
  138  15:57  Marauder x2  
  138  15:58  Ghost  
  140  16:06  Widow Mine, Marauder  
  140  16:07  Widow Mine x2  
  142  16:18  Marauder x2  
  142  16:26  Ghost  
  142  16:27  Ghost  
  146  16:35  Widow Mine  
  146  16:39  Ghost  
  152  16:40  Marauder  
  120  17:03  Marine x2  
  120  17:06  Marine  
  120  17:07  Marine  
  112  17:22  Marine x2  
  97  17:47  Orbital Command  
  68  18:46  SCV x3  
  68  18:58  SCV x3  
  71  19:10  SCV  
  65  19:45  SCV  
Tags
 
Add a new tag
Caveats
  • Supply blocks, unpowered buildings, or Contaminate may cause inaccurate times.
  • Supply counts are checked every 10 seconds.